 Dungeon Crawl Stone Soup version 0.15.2 (webtiles) character file.

68 Miyamura the Sneak (level 4, -3/21 HPs)
             Began as a Spriggan Enchanter on Dec 11, 2014.
             Slain by Grinder (9 damage)
             ... while paralysed by Grinder
             ... on Level 3 of the Dungeon.
             The game lasted 00:05:11 (2434 turns).

Miyamura the Sneak (Spriggan Enchanter)             Turns: 2434, Time: 00:05:11

HP  -3/21        AC  3     Str  4      XL: 4   Next:  1%
MP  13/13        EV  4     Int 17      God:
Gold 147         SH  0     Dex 16      Spells:  3 memorised,  3 levels left

rFire  . . .     SeeInvis +     a - +1 dagger
rCold  . . .     Clarity  .     b - +1 robe
rNeg   . . .     rCorr    .     (shield restricted)
rPois  .         rRot     .     (helmet restricted)
rElec  .         Spirit   .     (no cloak)
SustAb .         Warding  .     (gloves unavailable)
rMut   .         Stasis   .     (boots unavailable)
Gourm  .                        (no amulet)
MR     .....                    (no ring)
                                (no ring)

@: paralysed, very quick, not resistant to hostile enchantments, fairly stealthy
A: unfitting armour, see invisible, herbivore 3, speed 3, slow metabolism 2
a: no special abilities


You were on level 3 of the Dungeon.
You were hungry.

You visited 1 branch of the dungeon, and saw 3 of its levels.

You collected 147 gold pieces.

Inventory:

Hand weapons
 a - a +1 dagger (weapon)
Armour
 b - a +1 robe (worn)
Comestibles
 g - 2 slices of pizza
 j - a bread ration
Scrolls
 e - 2 scrolls of enchant weapon {unknown}
 f - 3 scrolls of teleportation {unknown}
 i - a scroll of enchant armour {unknown}
 k - a scroll of immolation {unknown}
 m - a scroll of identify {unknown}
 n - a scroll of amnesia {unknown}
Jewellery
 l - an uncursed ring of fire {unknown}
Potions
 d - a potion of porridge
 h - 2 potions of confusion {unknown}
 o - a potion of lignification {unknown}
 p - a potion of curing {unknown}
Books
 c - a book of Maledictions

   Spells                             Type                      Level
   *Corona                            Hexes                        1
   Sure Blade                         Hexes/Charms                 2
   *Ensorcelled Hibernation           Hexes/Ice                    2
   *Confuse                           Hexes                        3
   Dazzling Spray                     Conjuration/Hexes            3
   Enslavement                        Hexes                        4


   Skills:
 + Level 2.0 Short Blades
 + Level 4.1 Dodging
 + Level 5.1 Stealth
 + Level 3.1 Spellcasting
 + Level 4.2 Hexes


You had 3 spell levels left.
You knew the following spells:

 Your Spells              Type           Power        Failure   Level  Hunger
a - Corona                Hex            ###....      2%          1    None
b - Ensorcelled Hibernat  Hex/Ice        #.....       14%         2    ##.....
c - Confuse               Hex            ###.....     10%         3    ###....


Dungeon Overview and Level Annotations

Branches:
Dungeon (3/15)

Altars:

Annotations:
D:3 Grinder


Innate Abilities, Weirdness & Mutations

You are tiny and cannot use many weapons and most armour.
You have supernaturally acute eyesight.
You are a herbivore.
You cover ground extremely quickly.
You need consume almost no food.


Message History

You see here a giant cockroach corpse.
HP restored.
Grinder comes into view.
Found 13 arrows.
Grinder is nearby!
Grinder is nearby!
Grinder is nearby!
You see here 13 arrows.
The helpless Grinder fails to defend himself.
You impale Grinder!!
Grinder is heavily wounded.
Grinder gestures at you.
You suddenly lose the ability to move!
Grinder hits you.
You writhe in agony.
Grinder gestures at you.
You shrug off the repeated paralysis!
Grinder hits you.
You writhe in agony.
* * * LOW HITPOINT WARNING * * *
Grinder hits you!
You die...

### ..# #.#
#5# #@###
#...# ###
###.# #####.#
#.#### #.....#
#....###.###.#
####..##.# #.#
#..%..###.#
#..<....#.##
#...#####....#


You could see Grinder.

Vanquished Creatures
  An adder (D:2)
  2 worms (D:2)
  2 giant geckos
  6 bats
  2 goblins (D:2)
  7 hobgoblins
  4 jackals (D:2)
  2 quokkas (D:2)
  4 giant cockroaches
  5 giant newts
  2 kobolds (D:1)
  6 rats
43 creatures vanquished.

Notes
Turn   | Place    | Note
--------------------------------------------------------------
     0 | D:1      | Miyamura, the Spriggan Enchanter, began the quest for the Orb.
     0 | D:1      | Reached XP level 1. HP: 9/9 MP: 4/4
   285 | D:1      | Reached XP level 2. HP: 13/13 MP: 7/7
   289 | D:1      | Learned a level 2 spell: Ensorcelled Hibernation
  1168 | D:2      | Reached XP level 3. HP: 13/16 MP: 3/9
  1405 | D:2      | Reached skill level 5 in Stealth
  1566 | D:2      | Learned a level 3 spell: Confuse
  2389 | D:3      | Reached XP level 4. HP: 21/21 MP: 13/13
  2425 | D:3      | Noticed Grinder
  2430 | D:3      | Paralysed by Grinder for 4 turns
  2434 | D:3      | Slain by Grinder

Action                   |  1- 3 |  4- 6 || total
-------------------------+-------+-------++-------
Melee: Dagger            |   109 |     4 ||   113
 Cast: Corona            |     9 |       ||     9
       Ensorcelled Hiber |    17 |       ||    17
       Confuse           |     3 |       ||     3
 Stab: Sleeping          |    25 |     1 ||    26
       Confused          |     2 |       ||     2
